cohdb
Replays
Latest Replays
All Replays
Popular Replays
Top Player Replays
Match Explorer
How It Works
Community
CoH3 Stats
Reddit
Sign in to upload your games and track your stats! →
Sign in with Steam
Match 37833494
Unlisted
Match 37833494
Overview
Messages
Build Orders
End
Pioneer Squad
Construct Infanterie Kompanie
Grenadier Squad
Grenadier Squad
Grenadier Squad
MG 42 Machine Gun Team
Construct Panzergrenadier Kompanie
251 Medium Carrier
Medical Station
Selects Mechanized Battlegroup
Selects Mobile Repair Stations
Selects Raid Package
Pak 40 Anti-tank Gun Team
Selects Stoßtruppen Assault Package
Panzergrenadier Squad
Construct Panzer Kompanie
Selects Mechanized Assault
Panzer IV Medium Tank
Stoßtruppen Squad
Selects 8 Rad Armored Car
Selects UNKNOWN (2160084)
Panther Heavy Tank
♠♣ Kvothe ♠♣
Bootyquake
0
0
Comments
sign in to comment!
No comments posted yet!